 Dungeon Crawl Stone Soup version 0.18.1-6-gd335043 (webtiles) character file.

42484 Jerry the Bludgeoner (level 14, 0/103 HPs)
             Began as a Formicid Fighter on May 16, 2016.
             Was the Champion of Qazlal.
             Slain by a sheep (2 damage)
             ... on level 7 of the Lair of Beasts.
             The game lasted 01:53:01 (19821 turns).

Jerry the Bludgeoner (Formicid Fighter)            Turns: 19821, Time: 01:53:01

Health: 0/103      AC: 22    Str: 23    XL:     14   Next: 55%
Magic:  23/23      EV:  2    Int:  9    God:    Qazlal [******]
Gold:   1027       SH:  0    Dex: 16    Spells: 1 memorised, 7 levels left

rFire  + + +     SeeInvis +     A - +2 dire flail (flame)
rCold  + . .     Gourm    .     S - +0 fire dragon armour
rNeg   + + +     Faith    .     c - +1 shield
rPois  ∞         Spirit   .     (helmet unavailable)
rElec  .         Dismiss  .     k - +2 cloak
rCorr  .         Reflect  +     Q - +0 pair of gloves {rF+}
SustAt .         Harm     .     u - +0 pair of boots
MR     +....                    C - +4 amulet of reflection
Stlth  ..........               K - ring of protection from cold
                                y - +4 ring of evasion

@: petrified, protected from physical damage, studying Axes, repel missiles,
somewhat resistant to hostile enchantments, extremely unstealthy
A: permanent stasis, dig shafts and tunnels, four strong arms, antennae 3,
talons 1, agile 1, cold resistance 1, deterioration 2, high mp 2, strong 1, wild
magic 1, sturdy frame 1
a: Dig, Shaft Self, Upheaval, Elemental Force, Disaster Area, Renounce Religion


You were on level 7 of the Lair of Beasts.
You worshipped Qazlal.
Qazlal was exalted by your worship.
You were not hungry.

You visited 2 branches of the dungeon, and saw 19 of its levels.
You also visited: Sewer, Ossuary and Volcano.

You collected 1790 gold pieces.
You spent 763 gold pieces at shops.

Inventory:

Hand Weapons
 A - a +2 dire flail of flaming (weapon)
Armour
 c - a +1 shield (worn)
 k - a +2 cloak (worn)
 u - a +0 pair of boots (worn)
 Q - a +0 pair of gloves of fire resistance (worn)
 S - a +0 fire dragon armour (worn)
Rods
 T - a +0 iron rod (14/14)
   (You found it on level 6 of the Lair of Beasts)
 U - a +0 rod of clouds (13/13)
   (You found it on level 10 of the Dungeon)
Jewellery
 y - a +4 ring of evasion (left hand)
 C - a +4 amulet of reflection (around neck)
 K - a ring of protection from cold (right hand)
 M - an uncursed ring of flight
Wands
 e - a wand of disintegration (14/24)
 H - a wand of iceblast (2/15)
Scrolls
 d - 5 scrolls of immolation
 g - 2 scrolls of magic mapping
 i - a scroll of brand weapon {unknown}
 n - a scroll of vulnerability {unknown}
 r - a scroll of amnesia
 s - 2 scrolls of enchant armour
 t - 3 scrolls of fog
 x - a scroll of silence {unknown}
 E - 3 scrolls of remove curse
 L - 2 scrolls of noise
 R - 5 scrolls of identify
 X - a scroll of fear {unknown}
Potions
 b - 2 potions of magic {unknown}
 h - a potion of resistance
 j - 2 potions of cancellation
 p - 3 potions of invisibility {unknown}
 v - 4 potions of lignification
 w - 4 potions of agility
 z - a potion of brilliance {unknown}
 B - 6 potions of curing
 J - 2 potions of flight
 N - 3 potions of degeneration {unknown}
 O - a potion of cure mutation {unknown}
 P - 5 potions of might
 Z - a potion of heal wounds
Books
 l - a manual of Axes
Miscellaneous
 D - a plain deck of defence {drawn: 2}
Comestibles
 a - 4 meat rations
 f - 14 bread rations
 m - 5 chunks of flesh
 o - 3 slices of pizza
 q - 7 beef jerkies
 F - a royal jelly
 G - 26 fruits


   Skills:
 + Level 7.4 Fighting
 - Level 15.0 Maces & Flails
 - Level 12.0 Armour
 + Level 14.9 Shields
 - Level 7.9 Invocations


You had 7 spell levels left.
You knew the following spells:

 Your Spells              Type           Power        Failure   Level  Hunger
a - Invisibility          Hex            #.......     100%        6    #######


Dungeon Overview and Level Annotations

Branches:
Dungeon (12/15)            Temple (0/1) D:5            Lair (7/8) D:11
 Shoals (0/4) Lair:3        Snake (0/4) Lair:5        Slime (0/6) Lair:6
    Orc (0/2) D:11

Altars:
Ashenzari
Dithmenos
Elyvilon
Fedhas
Gozag
Makhleb
Nemelex Xobeh
Okawaru
Pakellas
Qazlal
Sif Muna
Trog
Xom
Yredelemnul
The Shining One
Beogh
Jiyva

Shops:
D:9 }   D:10 [

Annotations:
D:5 Blork the orc


Innate Abilities, Weirdness & Mutations

You are under a permanent stasis effect.
You can dig through walls and to a lower floor.
Your four strong arms can wield two-handed weapons with a shield.
You have a pair of large antennae on your head (SInv).
You have sharp toenails.
You are agile. (Dex +2)
Your flesh is cold resistant.
Your body often deteriorates upon taking damage.
You have a considerably increased reservoir of magic (+20% MP).
Your muscles are strong. (Str +2)
Your spells are a little harder to cast, but a little more powerful.
Your movements are slightly less encumbered by armour (ER -2).


Message History

The crocodile bites you!
* * * LOW HITPOINT WARNING * * *
You hear a bellow!
The blink frog barely misses you.
The giant frog hits you but does no damage.
The eight-headed hydra bites you but does no damage.
The eight-headed hydra bites you.
* * * LOW HITPOINT WARNING * * *
You feel more protected from physical attacks.
The eight-headed hydra bites you.
You feel more protected from physical attacks.
The eight-headed hydra bites you but does no damage.
The eight-headed hydra bites you.
* * * LOW HITPOINT WARNING * * *
The eight-headed hydra bites you but does no damage.
The eight-headed hydra barely misses you.
The eight-headed hydra bites you but does no damage.
The six-headed hydra bites you but does no damage. x6
The sheep bites you.
You die...

........# .
...P... ).
....... ...
..... . ....
#...# ...
.....#Y§(##....
.Y..F§D.F§.....
#lD@t§.....
.Y....Y§F.#....
.....#.†.## .
##.. .#+t. ..#
#. ..# # .# .#.
.. .#.# .+.
.#.+


You could see an eight-headed hydra, a six-headed hydra, a basilisk, 2 blink
frogs, 2 crocodiles, a giant frog and 4 sheep.

Vanquished Creatures
  7 hydras
  A death knight (D:12)
  Erica (D:9)
  Nergalle (D:11)
  The ghost of Gottschkopf the Fighter, a novice DrBe of Trog (D:10)
  A skeletal warrior (D:11)
  The ghost of Gottschkopf the Destroyer, a novice DECj of Vehumet (D:9)
  Pikel (D:4)
  A phantasmal warrior (D:10)
  A hill giant (D:12)
  An orange crystal statue (D:12)
  An orc knight (D:10)
  A griffon (Lair:7)
  2 cyclopes
  2 deep elf magi
  A manticore (D:12)
  An ugly thing (D:11)
  9 elephants (Lair:6)
  A black mamba (Lair:1)
  A gargoyle (Volcano)
  Joseph (D:9)
  A centaur skeleton (D:12)
  8 spiny frogs
  2 rime drakes
  An efreet (Volcano)
  A freezing wraith (D:11)
  3 trolls (D:12)
  4 polar bears
  Prince Ribbit (D:9)
  19 blink frogs
  A two-headed ogre (D:10)
  A wolf spider simulacrum (D:12)
  A shadow (D:12)
  A vampire (D:9)
  3 wyverns
  7 hippogriffs
  2 fire elementals (Volcano)
  9 yaks
  A hungry ghost (D:12)
  A basilisk (Lair:4)
  A mottled dragon (Lair:6)
  5 nagas (Lair:5)
  11 porcupines
  Duvessa (D:5)
  6 water moccasins
  2 black bears
  14 ice beasts
  A sky beast (D:9)
  2 slaves (D:4)
  A phantom (D:7)
  12 orc warriors
  2 necrophages
  4 ogres
  A wolf (D:12)
  7 centaurs
  A big kobold (D:4)
  11 crocodiles
  15 giant frogs
  A wyvern skeleton (D:12)
  Dowan (D:5)
  4 scorpions
  6 killer bees (D:12)
  8 wights
  6 howler monkeys
  2 electric eels (D:12)
  4 crimson imps
  A giant frog zombie (D:6)
  A wasp zombie (D:11)
  A centaur zombie (D:9)
  3 hounds
  2 jellies
  9 orc priests
  2 giant frog skeletons
  Terence (D:3)
  14 iguanas
  16 orc wizards
  9 worker ants
  4 sheep (Lair:5)
  2 big kobold zombies (Ossuary)
  2 giant frog simulacra (D:12)
  3 hound skeletons
  8 mummies (Ossuary)
  4 gnolls
  16 adders
  72 river rats
  3 white imps (D:12)
  3 ufetubi (D:12)
  2 oozes (D:5)
  2 adder zombies (D:8)
  A worm (D:2)
  5 dart slugs
  9 giant geckos
  68 orcs
  19 bats
  7 giant cockroaches
  A gnoll zombie (Ossuary)
  8 hobgoblins
  15 jackals
  28 kobolds
  3 quokkas
  4 giant newts
  11 goblins
  2 hobgoblin zombies (Ossuary)
  A jackal zombie (D:4)
  3 kobold zombies (Ossuary)
  2 quokka zombies
  15 rats
  A bush (Lair:2)
  2 butterflies (Lair:3)
  35 fungi
  15 plants
668 creatures vanquished.

Vanquished Creatures (others)
  A wizard (D:4)
  6 fungi
  A plant (D:4)
8 creatures vanquished.

Grand Total: 676 creatures vanquished

Notes
Turn   | Place    | Note
--------------------------------------------------------------
     0 | D:1      | Jerry the Formicid Fighter began the quest for the Orb.
     0 | D:1      | Reached XP level 1. HP: 18/18 MP: 1/1
   262 | D:1      | Reached XP level 2. HP: 20/24 MP: 2/2
   616 | D:1      | Reached XP level 3. HP: 26/29 MP: 3/3
  1101 | D:2      | Reached XP level 4. HP: 19/35 MP: 1/4
  1433 | D:2      | Reached skill level 3 in Maces & Flails
  1661 | D:2      | Found a white marble altar of Elyvilon.
  1661 | D:2      | Found a stormy altar of Qazlal.
  1663 | D:2      | Found a glowing golden altar of the Shining One.
  1675 | D:2      | Became a worshipper of Qazlal Stormbringer
  1758 | D:2      | Reached XP level 5. HP: 40/41 MP: 5/5
  2517 | D:3      | Reached skill level 5 in Shields
  2517 | D:3      | Reached XP level 6. HP: 45/47 MP: 6/6
  2685 | D:3      | Reached * piety under Qazlal
  2862 | D:3      | Found a basalt altar of Yredelemnul.
  2874 | D:3      | Noticed Terence
  2882 | D:3      | Killed Terence
  2882 | D:3      | Reached skill level 4 in Maces & Flails
  2882 | D:3      | Reached skill level 5 in Armour
  3280 | D:4      | Found a sand-covered staircase.
  3285 | Ossuary  | Entered an ossuary
  3510 | Ossuary  | Reached XP level 7. HP: 21/52 MP: 4/7
  3963 | D:4      | Found a bloodstained altar of Trog.
  3974 | D:4      | Reached skill level 5 in Maces & Flails
  3984 | D:4      | Found a glowing drain.
  3998 | Sewer    | Entered a sewer
  4004 | Sewer    | Reached ** piety under Qazlal
  4238 | D:4      | Reached XP level 8. HP: 57/58 MP: 8/8
  4519 | D:4      | Reached skill level 6 in Maces & Flails
  4520 | D:4      | Noticed Pikel
  4669 | D:4      | Killed Pikel
  4669 | D:4      | Reached skill level 7 in Maces & Flails
  5020 | D:4      | Noticed a wizard
  5022 | D:4      | Killed a wizard
  5050 | D:4      | Reached XP level 9. HP: 48/64 MP: 5/9
  5140 | D:4      | Reached *** piety under Qazlal
  5206 | D:5      | Entered Level 5 of the Dungeon
  5223 | D:5      | Found a staircase to the Ecumenical Temple.
  5379 | D:5      | Found a sparkling altar of Nemelex Xobeh.
  5766 | D:5      | Noticed Dowan
  5776 | D:5      | Noticed Duvessa
  5779 | D:5      | Killed Dowan
  5791 | D:5      | Killed Duvessa
  5816 | D:5      | Reached skill level 8 in Maces & Flails
  6045 | D:5      | Noticed Blork the orc
  6062 | D:5      | Found a deep blue altar of Sif Muna.
  6345 | D:6      | Found an oddly glowing altar of Pakellas.
  6379 | D:6      | Found a bloodstained altar of Trog.
  6381 | D:6      | Found a shadowy altar of Dithmenos.
  6384 | D:6      | Found an opulent altar of Gozag.
  6393 | D:6      | Found a shimmering altar of Xom.
  6393 | D:6      | Found a burning altar of Makhleb.
  6393 | D:6      | Found a blossoming altar of Fedhas.
  6958 | D:7      | Reached **** piety under Qazlal
  6996 | D:7      | Reached skill level 9 in Maces & Flails
  6996 | D:7      | Reached skill level 10 in Armour
  8062 | D:8      | Reached XP level 10. HP: 70/70 MP: 10/10
  8461 | D:9      | Noticed Erica
  8494 | D:9      | Reached skill level 10 in Maces & Flails
  8499 | D:9      | Killed Erica
  8500 | D:9      | Noticed Prince Ribbit
  8526 | D:9      | Killed Prince Ribbit
  8678 | D:9      | Noticed Joseph
  8684 | D:9      | Gained mutation: Your muscles are strong. (Str +2) [potion of mutation]
  8684 | D:9      | Gained mutation: Armour fits poorly on your strangely shaped body. [potion of mutation]
  8684 | D:9      | Lost mutation: Armour fits poorly on your strangely shaped body. [potion of mutation]
  8685 | D:9      | Gained mutation: Your spells are a little harder to cast, but a little more powerful. [potion of mutation]
  8685 | D:9      | Gained mutation: Your body sometimes deteriorates upon taking damage. [potion of mutation]
  8685 | D:9      | Gained mutation: You have sharp toenails. [potion of mutation]
  8686 | D:9      | Gained mutation: Your movements are slightly less encumbered by armour (ER -2). [potion of mutation]
  8686 | D:9      | Gained mutation: You are agile. (Dex +2) [potion of mutation]
  8686 | D:9      | Gained mutation: You have an increased reservoir of magic (+10% MP). [potion of mutation]
  8687 | D:9      | Gained mutation: Your body often deteriorates upon taking damage. [potion of mutation]
  8708 | D:9      | Killed Joseph
  8755 | D:9      | Found an iron altar of Okawaru.
  8916 | D:9      | Noticed Gottschkopf's ghost (novice DECj)
  9002 | D:9      | Killed Gottschkopf's ghost
  9002 | D:9      | Reached skill level 11 in Maces & Flails
  9002 | D:9      | Reached XP level 11. HP: 21/75 MP: 1/12
  9290 | D:9      | Found a shattered altar of Ashenzari.
  9452 | D:9      | Gained mutation: You have a considerably increased reservoir of magic (+20% MP). [mutagenic meat]
  9455 | D:9      | Gained mutation: Your flesh is cold resistant. [mutagenic meat]
  9592 | D:9      | Found Zerigg's Gadget Emporium.
  9678 | D:10     | Entered Level 10 of the Dungeon
  9728 | D:10     | Noticed Gottschkopf's ghost (novice DrBe)
  9736 | D:10     | Reached ***** piety under Qazlal
  9746 | D:10     | Killed Gottschkopf's ghost
  9756 | D:10     | Found Xiqos's Armour Shop.
  9873 | D:10     | Bought a fire dragon hide for 700 gold pieces
  9873 | D:10     | Bought a +0 pair of gloves for 63 gold pieces
 10086 | D:10     | Identified a +0 rod of clouds (13/13) (You found it on level 10 of the Dungeon)
 10434 | D:10     | Noticed a deep elf mage
 10459 | D:10     | Reached skill level 12 in Maces & Flails
 10473 | D:10     | Killed a deep elf mage
 10775 | D:11     | Noticed a cyclops
 10784 | D:11     | Reached skill level 1 in Invocations
 10795 | D:11     | Killed a cyclops
 10980 | D:11     | Found a roughly hewn altar of Beogh.
 10980 | D:11     | Found a staircase to the Orcish Mines.
 10984 | D:11     | Noticed an orc knight
 11288 | D:10     | Killed an orc knight
 11639 | D:11     | Found a staircase to the Lair.
 11727 | D:11     | Reached XP level 12. HP: 81/81 MP: 17/17
 11840 | D:11     | Identified the Almanac of the Unstable Escort
 11999 | D:11     | Noticed Nergalle
 12014 | D:11     | Killed Nergalle
 12095 | D:12     | Reached skill level 5 in Invocations
 12123 | D:12     | Noticed a death knight
 12136 | D:12     | Killed a death knight
 12153 | D:12     | Reached skill level 10 in Shields
 12159 | D:12     | Reached skill level 13 in Maces & Flails
 12176 | D:12     | Noticed a skeletal warrior
 12199 | D:11     | HP: 2/121 [red ugly thing (10)]
 12891 | D:11     | Killed a skeletal warrior
 13079 | D:12     | Reached ****** piety under Qazlal
 13756 | D:12     | Reached XP level 13. HP: 80/87 MP: 22/22
 14469 | Lair:1   | Entered Level 1 of the Lair of Beasts
 14471 | Lair:1   | Noticed a five-headed hydra
 14481 | Lair:1   | Killed a five-headed hydra
 14603 | Lair:1   | Reached skill level 14 in Maces & Flails
 15217 | Lair:2   | Got a pair of warped gloves
 15228 | Lair:2   | Identified the +2 pair of gloves "Luosch" {Int+2} (You found it on level 2 of the Lair of Beasts)
 16161 | Lair:3   | Noticed a six-headed hydra
 16174 | Lair:3   | Killed a six-headed hydra
 16285 | Lair:3   | Found a staircase to the Shoals.
 17476 | Lair:5   | Noticed a five-headed hydra
 17494 | Lair:5   | Killed a five-headed hydra
 17559 | Lair:5   | Reached skill level 15 in Maces & Flails
 17562 | Lair:5   | Reached XP level 14. HP: 72/93 MP: 21/23
 17690 | Lair:5   | Learned a level 6 spell: Invisibility
 18123 | Lair:5   | Found a staircase to the Snake Pit.
 18371 | Lair:6   | Found a viscous altar of Jiyva.
 18371 | Lair:6   | Found a staircase to the Slime Pits.
 18445 | Lair:6   | Found a dark tunnel.
 18459 | Lair:6   | Reached skill level 5 in Fighting
 18564 | Volcano  | Entered a volcano
 19821 | Lair:7   | HP: 4/103 [eight-headed hydra (3)]
 19821 | Lair:7   | Slain by a sheep

Skill      XL: |  1  2  3  4  5  6  7  8  9 10 11 12 13 14 |
---------------+-------------------------------------------+-----
Shields        | 4 5 8 11 13 14 | 14.9
Armour         | 4 5 6 8 10 12 | 12.0
Maces & Flails | 3 4 5 7 9 11 12 13 15 | 15.0
Invocations    | 3 7 |  7.9
Fighting       | 7 |  7.4

Action                   |  1- 3 |  4- 6 |  7- 9 | 10-12 | 13-15 || total
-------------------------+-------+-------+-------+-------+-------++-------
Melee: Flail             |   128 |   289 |   358 |       |       ||   775
       Whip              |       |       |    36 |   729 |   720 ||  1485
       Mace              |       |       |       |   241 |    19 ||   260
       Dire flail        |       |       |       |       |   123 ||   123
 Abil: Dig               |     1 |     2 |     1 |     1 |       ||     5
       Evoke Flight      |       |       |       |       |     1 ||     1
Evoke: Deck              |       |       |     2 |       |       ||     2
       Rod               |       |       |       |     1 |       ||     1
       Wand              |       |       |       |     1 |     4 ||     5
  Use: Scroll            |       |     8 |     1 |    11 |     5 ||    25
       Potion            |       |     5 |       |    15 |       ||    20
  Eat: Chunk             |     1 |     8 |    14 |    25 |    17 ||    65
       Fruit             |       |       |     1 |     1 |     3 ||     5
       Meat ration       |       |       |       |       |     1 ||     1
Armor: Scale mail        |    64 |       |    70 |       |       ||   134
       Leather armour    |       |    98 |    13 |       |       ||   111
       Ring mail         |       |       |    24 |    50 |       ||    74
       Fire dragon armou |       |       |       |    92 |   201 ||   293
Dodge: Dodged            |    55 |   115 |   128 |   272 |   200 ||   770
       Deflected         |       |       |       |     5 |       ||     5
Block: Shield            |   100 |   184 |   305 |   773 |   680 ||  2042
       Reflection        |       |       |       |       |     3 ||     3
